 Dungeon Sprint DCSS version 0.20-a0-754-g13ddd6e (webtiles) character file.

1202 Gorglomux the Cleaver (level 8, -1/79 HPs)
             Began as a Minotaur Berserker on Feb 26, 2017.
             Was a Priest of Trog.
             Succumbed to Sonja's poison
             ... in the Dungeon (Sprint I: "Red Sonja").
             The game lasted 00:01:59 (310 turns).

Gorglomux the Cleaver (Minotaur Berserker)           Turns: 310, Time: 00:02:00

Health: -1/79      AC:  2    Str: 25    XL:     8   Next: 21%
Magic:  7/7        EV: 16    Int:  4    God:    Trog [***...]
Gold:   270        SH:  0    Dex:  9    Spells: 7/7 levels left

rFire    . . .     SeeInvis .   a - +0 hand axe
rCold    . . .     Gourm    .   b - +0 animal skin
rNeg     . . .     Faith    .   (no shield)
rPois    .         Spirit   .   (helmet restricted)
rElec    .         Reflect  .   (no cloak)
rCorr    .         Harm     .   (no gloves)
MR       .....     NoTele   +   (no boots)
Stlth    +.........             (no amulet)
Regen    0.3/turn               (no ring)
MPRegen  0.1/turn               (no ring)

@: lethally poisoned (-1 -> -60), exhausted, slowed, very slow
A: retaliatory headbutt, horns 2
a: Berserk, Trog's Hand, Burn Spellbooks, Renounce Religion


You were in the Dungeon.
You worshipped Trog.
Trog was most pleased with you.
You were not hungry.

You visited 1 branch You collected 310 gold pieces.
You spent 40 gold pieces at shops.

Inventory:

Hand Weapons
 a - a +0 hand axe (weapon)
Armour
 b - a +0 animal skin (worn)
Scrolls
 B - a scroll of blinking
 D - 2 scrolls of identify {unknown}
Potions
 f - a potion of haste
 g - 2 potions of magic
 h - a potion of berserk rage
Comestibles
 c - a bread ration
 C - 5 chunks of flesh


   Skills:
 + Level 9.9 Fighting
 - Level 14.4 Axes
 + Level 9.6 Armour
 + Level 8.8 Dodging


You had 7 spell levels left.
You didn't know any spells.

Dungeon Overview and Level Annotations

Branches:
Dungeon (1/1)

Altars:
Cheibriados
Dithmenos
Elyvilon
Fedhas
Gozag
Hepliaklqana
Kikubaaqudgha
Makhleb
Nemelex Xobeh
Okawaru
Qazlal
Ru
Sif Muna
Trog
Uskayaw
Vehumet
Xom
Yredelemnul
Zin
The Shining One
Jiyva
Lugonu

Shops:
D *


Innate Abilities, Weirdness & Mutations

You reflexively headbutt those who attack you in melee.
You have a pair of horns on your head.


Message History

Sonja is severely wounded.
* * * LOW HITPOINT WARNING * * *
You feel very sick.
Sonja zaps a wand.
You struggle to resist.
Sonja barely misses you. You furiously retaliate!
You headbutt Sonja.
Sonja hits you with an uncursed short sword of venom.
* * * LOW HITPOINT WARNING * * *
Sonja closely misses you.
Unknown command.
Unknown command.
You hit Sonja.
You kill Sonja!
Trog accepts your kill.
Trog appreciates your killing of a magic user.
Your Fighting skill gained 2 levels and is now at level 9!
Your Armour skill gained 2 levels and is now at level 9!
Your Dodging skill gained 2 levels and is now at level 8!
You have reached level 8!
You feel stronger.
You die...

###################
#<.#..').#..'..#__#
#..'÷.#..').#..'..+
#..#####'#####'#__#
#..####..#...#[####
#..#__####..##.#
#..#_____##'#..+
#⌠⌠#_.∩...'.)._#
####_..__##_@#+#
#_____###'#
#########(## +$.(+
#$.$# ##.## #+#


There were no monsters in sight!

Vanquished Creatures
  Sonja (D)
  A slime creature (D)
  Sigmund (D)
  A yak (D)
  An ogre (D)
  A jelly (D)
  Ijyb (D)
7 creatures vanquished.

Notes
Turn   | Place    | Note
-------+----------+-------------------------------------------
     0 | D        | Gorglomux the Minotaur Berserker began the quest for the Orb.
     0 | D        | Reached XP level 1. HP: 19/19 MP: 0/0
     1 | D        | Noticed Ijyb
     5 | D        | Killed Ijyb
     5 | D        | Reached skill level 7 in Axes
     5 | D        | Reached XP level 2. HP: 26/26 MP: 1/1
    40 | D        | Noticed an ogre
    43 | D        | Killed an ogre
    43 | D        | Reached skill level 11 in Axes
    43 | D        | Reached XP level 3. HP: 31/31 MP: 2/2
    43 | D        | Reached XP level 4. HP: 39/39 MP: 3/3
    71 | D        | Noticed Sigmund
    77 | D        | Killed Sigmund
    77 | D        | Reached ** piety under Trog
    77 | D        | Reached skill level 14 in Axes
    77 | D        | Reached XP level 5. HP: 45/45 MP: 4/4
   153 | D        | Found a deep blue altar of Sif Muna.
   155 | D        | Found a radiant altar of Vehumet.
   157 | D        | Reached skill level 3 in Armour
   157 | D        | Reached XP level 6. HP: 52/52 MP: 5/5
   207 | D        | Found a burning altar of Makhleb.
   207 | D        | Found a viscous altar of Jiyva.
   207 | D        | Found a shimmering altar of Xom.
   207 | D        | Found a corrupted altar of Lugonu.
   207 | D        | Noticed a slime creature
   212 | D        | Killed a slime creature
   212 | D        | Reached skill level 6 in Fighting
   212 | D        | Reached skill level 6 in Armour
   270 | D        | Found Efruhoip's Assorted Antiques.
   270 | D        | Found an ancient bone altar of Kikubaaqudgha.
   270 | D        | Found a hazy altar of Hepliaklqana.
   270 | D        | Found a stormy altar of Qazlal.
   270 | D        | Found a hide-covered altar of Uskayaw.
   270 | D        | Found a blossoming altar of Fedhas.
   270 | D        | Found a bloodstained altar of Trog.
   270 | D        | Found an iron altar of Okawaru.
   270 | D        | Found a basalt altar of Yredelemnul.
   270 | D        | Found a glowing golden altar of the Shining One.
   270 | D        | Found a snail-covered altar of Cheibriados.
   270 | D        | Found a sacrificial altar of Ru.
   270 | D        | Found a glowing silver altar of Zin.
   270 | D        | Found a shadowy altar of Dithmenos.
   270 | D        | Found a white marble altar of Elyvilon.
   270 | D        | Noticed a yak
   273 | D        | Killed a yak
   273 | D        | Reached *** piety under Trog
   273 | D        | Reached skill level 6 in Dodging
   273 | D        | Reached XP level 7. HP: 67/67 MP: 6/6
   274 | D        | Found an opulent altar of Gozag.
   277 | D        | Found a sparkling altar of Nemelex Xobeh.
   281 | D        | Bought a scroll labeled VETA SIUNIN for 20 gold pieces
   281 | D        | Bought a scroll labeled VETA SIUNIN for 20 gold pieces
   288 | D        | Noticed Sonja
   309 | D        | HP: 2/67 [Sonja/uncursed short sword of venom (3)]
   310 | D        | Killed Sonja
   310 | D        | Reached skill level 9 in Fighting
   310 | D        | Reached skill level 9 in Armour
   310 | D        | Reached XP level 8. HP: 2/79 MP: 7/7
   310 | D        | Succumbed to Sonja's poison

Vault maps used:
D:        dungeon_sprint_1

Skill      XL: |  1  2  3  4  5  6  7 |
---------------+----------------------+-----
Axes           | 7 11 14 | 14.4
Fighting       | 4 7 9 |  9.9
Armour         | 3 7 9 |  9.6
Dodging        | 6 8 |  8.8

Action                   |  1- 3 |  4- 6 |  7- 9 || total
-------------------------+-------+-------+-------++-------
Melee: Hand axe          |     4 |    10 |     5 ||    19
       Headbutt          |     2 |     6 |       ||     8
Invok: Berserk           |     2 |     4 |       ||     6
       Trog's Hand       |       |       |     1 ||     1
  Use: Potion            |       |       |     2 ||     2
 Stab: Held in net/web   |       |     2 |       ||     2
  Eat: Chunk             |       |     3 |     1 ||     4
Dodge: Dodged            |     1 |     1 |    13 ||    15
